 Dungeon Crawl Stone Soup version 0.25-a0-589-g1e14c54 (webtiles) character file.

Game seed: 994375509843070890, levelgen mode: deterministic

813 Faels the Cutter (level 7, 50/50 HPs)
             Began as a Demonspawn Assassin on Mar 9, 2020.
             Was an Initiate of Okawaru.
             Quit the game on level 5 of the Dungeon.
             The game lasted 00:11:08 (4427 turns).

Faels the Cutter (Demonspawn Assassin)              Turns: 4427, Time: 00:11:08

Health: 50/50      AC:  5    Str: 11    XL:     7   Next: 61%
Magic:  7/7        EV: 11    Int: 13    God:    Okawaru [......]
Gold:   155        SH:  0    Dex: 14    Spells: 6/6 levels left

rFire    . . .     SeeInvis .   q - +0 short sword (protect)
rCold    . . .     Gourm    .   (no shield)
rNeg     . . .     Faith    .   e - +0 troll leather armour {Purgy}
rPois    .         Spirit   .   (helmet restricted)
rElec    .         Reflect  .   c - +0 cloak
rCorr    .         Harm     .   (no gloves)
MR       .....     Rnd*Rage +   (no boots)
Stlth    +++.......             (no amulet)
HPRegen  0.56/turn              (no ring)
MPRegen  0.10/turn              (no ring)

@: no status effects
A: hooves 2, horns 1, berserk 1, mutation resistance 1, weak 1
a: Renounce Religion


You were on level 5 of the Dungeon.
You worshipped Okawaru.
Okawaru was noncommittal.
You were not hungry.

You visited 1 branch of the dungeon, and saw 5 of its levels.

You collected 155 gold pieces.

Inventory:

Hand Weapons
 a - a +2 dagger
 k - a +1 dagger of holy wrath
 o - a +0 spear
 q - a +0 short sword of protection (weapon)
 v - a +0 falchion
 y - a +3 dagger
 C - a +3 mace
Missiles
 d - 16 poisoned darts (quivered)
 m - 37 bolts
 w - a curare-tipped dart
 E - 3 boomerangs
Armour
 b - a +0 robe
 c - a +0 cloak (worn)
 e - a +0 troll leather armour (worn) {Purgy}
 s - a +0 ring mail
Wands
 D - a wand of paralysis (10)
Scrolls
 g - a scroll of amnesia
 i - a scroll of blinking {unknown}
 p - a scroll of fog {unknown}
 r - 2 scrolls of teleportation
 u - 3 scrolls of random uselessness
 z - a scroll of remove curse
 A - a scroll of identify
 F - a scroll of enchant weapon {unknown}
Potions
 h - a potion of magic
 l - 3 potions of curing
 n - a potion of ambrosia
 t - a potion of brilliance {unknown}
 B - a potion of heal wounds {unknown}
Comestibles
 f - 3 rations
 j - 5 chunks of flesh


   Skills:
 - Level 2.0 Fighting
 * Level 6.6 Short Blades
 - Level 1.7 Throwing
 - Level 0.8 Dodging
 + Level 6.1 Stealth


You had 6 spell levels left.
You didn't know any spells.
Your spell library contained the following spells:

 Spells                   Type           Power        Failure   Level  Hunger
 Magic Dart               Conj           #...         38%         1    ##.....
 Blink                    Tloc           N/A          52%         2    ###....
 Call Imp                 Summ           #.......     52%         2    ###....
 Slow                     Hex            #.......     52%         2    ###....
 Conjure Flame            Conj/Fire      #.......     77%         3    ####...
 Mephitic Cloud           Conj/Pois/Air  #.......     77%         3    ####...


Dungeon Overview and Level Annotations

Branches:
Dungeon (5/15)
 Temple: D:4-7

Altars:
Cheibriados
Gozag
Okawaru
Qazlal
Sif Muna
Trog


Innate Abilities, Weirdness & Mutations

You have hoof-like feet.
You have a pair of small horns on your head.
You tend to lose your temper in combat.
You are somewhat resistant to further mutation.
You are weak. (Str -2)


Message History

You hit the worm.
The worm is severely wounded.
You hit the worm.
You kill the worm!
Okawaru accepts your kill.
A - 4 scrolls of identify (gained 1)
Found an escape hatch in the ceiling.
As you read the scroll of identify, it crumbles to dust.
g - a scroll of amnesia You aren't wearing any rings or amulets.
As you read the scroll of identify, it crumbles to dust.
z - a scroll of remove curse
As you read the scroll of identify, it crumbles to dust.
x - a potion of mutation Really quaff the potion of mutation?
You feel extremely strange.
You feel weaker.
You feel a little pissed off.
You feel genetically stable.
Are you sure you want to abandon this character and quit the game? (Confirm with "yes".)
Okay, then.
Are you sure you want to abandon this character and quit the game? (Confirm with "yes".)

#######
#..@..#
##.##<#
#.# # #.#
#.# #.#
#.# #.#
#.#
#########


There were no monsters in sight!

Vanquished Creatures
  Grinder (D:3)
  Purgy (D:3)
  A centaur zombie (D:3)
  2 orc priests (D:4)
  A centaur skeleton (D:4)
  An orc wizard (D:3)
  Ijyb (D:3)
  Jessica (D:2)
  Terence (D:2)
  2 worker ants (D:4)
  Robin (D:3)
  A gnoll (D:1)
  10 adders
  A shadow imp (D:5)
  An ooze (D:3)
  3 worms
  2 dart slugs
  6 leopard geckos
  12 orcs
  4 bats
  9 giant cockroaches
  12 goblins
  7 hobgoblins
  10 jackals
  10 kobolds
  A quokka (D:4)
  A ball python (D:1)
  5 frilled lizards
  A quokka skeleton (D:4)
  6 rats
115 creatures vanquished.

Notes
Turn   | Place    | Note
-------+----------+-------------------------------------------
     0 | D:1      | Faels the Demonspawn Assassin began the quest for the Orb.
     0 | D:1      | Reached XP level 1. HP: 16/16 MP: 1/1
   369 | D:1      | Gained mutation: You have large cloven feet. [demonic
                  | ancestry]
   369 | D:1      | Reached XP level 2. HP: 22/22 MP: 2/2
   872 | D:1      | Reached XP level 3. HP: 25/27 MP: 3/3
  1460 | D:2      | Gained mutation: You have a pair of small horns on your
                  | head. [demonic ancestry]
  1460 | D:2      | Reached XP level 4. HP: 33/33 MP: 4/4
  1907 | D:2      | Noticed Terence
  1922 | D:2      | Killed Terence
  2143 | D:2      | Noticed Jessica
  2148 | D:2      | Killed Jessica
  2148 | D:2      | Reached XP level 5. HP: 38/38 MP: 5/5
  2583 | D:3      | Noticed Robin
  2636 | D:3      | Killed Robin
  2735 | D:3      | Noticed Purgy
  2753 | D:3      | Killed Purgy
  2753 | D:3      | Reached skill level 5 in Stealth
  2753 | D:3      | Gained mutation: You have hoof-like feet. [demonic
                  | ancestry]
  2753 | D:3      | Reached XP level 6. HP: 44/44 MP: 6/6
  2986 | D:3      | Noticed Grinder
  2995 | D:3      | Killed Grinder
  2995 | D:3      | Reached skill level 5 in Short Blades
  3210 | D:3      | Noticed Ijyb
  3228 | D:3      | Killed Ijyb
  3228 | D:3      | Reached XP level 7. HP: 50/50 MP: 7/7
  3684 | D:4      | Found an iron altar of Okawaru.
  3687 | D:4      | Became a worshipper of Warmaster Okawaru
  3800 | D:4      | Found a snail-covered altar of Cheibriados.
  3841 | D:4      | Found an opulent altar of Gozag.
  4131 | D:4      | Found a bloodstained altar of Trog.
  4209 | D:4      | Found a stormy altar of Qazlal.
  4244 | D:5      | Entered Level 5 of the Dungeon
  4376 | D:5      | Found a shimmering blue altar of Sif Muna.
  4426 | D:5      | Gained mutation: You are weak. (Str -2) [potion of
                  | mutation]
  4426 | D:5      | Gained mutation: You tend to lose your temper in combat.
                  | [potion of mutation]
  4426 | D:5      | Gained mutation: You are somewhat resistant to further
                  | mutation. [potion of mutation]
  4427 | D:5      | Quit the game

Levels and vault maps discovered:
D:1:      nzn_arrival_crosshair, layout_loops_ring, serial_bayou_pond_d
D:2:      layout_basic, uniq_jessica, uniq_terence
D:3:      layout_loops_corners, first_ration, chequers_mini_garden,
          uniq_grinder, uniq_purgy, uniq_ijyb, uniq_robin
D:4:      layout_rooms, overflow_temple_1_default, nicolae_gozag_seed_capital,
          kennysheep_mini_moat, lightli_temple_of_fire, lemuel_statue_altar
D:5:      layout_basic, lemuel_doored_altar, nicolae_overflow_hidden_temple,
          kennysheep_mini, eat_drink_and_be_merry_uskayaw,
          minmay_misc_feat_hallway, uniq_pikel

Skill      XL: |  1  2  3  4  5  6  7 |
---------------+----------------------+-----
Short Blades   | 2 3 4 5 6 |  6.6
Stealth        | 4 5 6 |  6.1
Fighting       | |  2.0
Throwing       | |  1.7
Dodging        | |  0.8

Action                   |  1- 3 |  4- 6 |  7- 9 || total
-------------------------+-------+-------+-------++-------
Melee: Dagger            |    76 |    31 |       ||   107
       Kick              |     9 |    34 |    36 ||    79
       Headbutt          |       |    30 |    28 ||    58
       Short sword       |       |   138 |   157 ||   295
Throw: Dart              |     3 |    16 |    11 ||    30
  Use: Scroll            |       |     4 |     4 ||     8
       Potion            |       |       |     1 ||     1
 Stab: Sleeping          |     7 |     6 |     2 ||    15
  Eat: Chunk             |     2 |     5 |     4 ||    11
Armor: Robe              |    24 |    11 |       ||    35
       Ring mail         |       |    44 |       ||    44
       Troll leather arm |       |    17 |    56 ||    73
Dodge: Dodged            |    30 |    82 |    78 ||   190

Table legend:
 A = Non-vault XP
 B = Vault XP
 C = Vault XP percentage of total XP
 D = Non-vault monster count
 E = Vault monster count
 F = Vault count percentage of total count
                 A         B        C        D         E       F
            +---------+---------+-------+---------+---------+-------
      Total |     609 |     553 |  47.6 |      99 |      16 |  13.9
            +---------+---------+-------+---------+---------+-------
        D:1 |      43 |       0 |   0.0 |      18 |       0 |   0.0
        D:2 |      97 |      73 |  42.9 |      25 |       2 |   7.4
        D:3 |     194 |     480 |  71.2 |      29 |      14 |  32.6
        D:4 |     251 |       0 |   0.0 |      21 |       0 |   0.0
        D:5 |      24 |       0 |   0.0 |       6 |       0 |   0.0
            +---------+---------+-------+---------+---------+-------
